[Event "Titled Tuesday Blitz August 15 Late 2023"]
[White "Sargsyan, Anna M."]
[Black "Klinova, Masha"]
[WhiteFideId "13308130"]
[BlackFideId "2802015"]
[WhiteElo "2580"]
[BlackElo "2422"]
[Result "0-1"]
[Round "5"]
[TimeControl "180+1"]
[Date "2023.08.15"]
[WhiteClock "0:00:01"]
[BlackClock "0:00:11"]
[Board "61"]

1. e4 d6 2. d4 Nf6 3. Nc3 g6 4. f4 Bg7 5. h3 O-O 6. Nf3 c5 7. Be3 cxd4 8. Nxd4 Nc6 9. Be2 Bd7 10. O-O a6 11. Qd2 Qc7 12. Rad1 Nxd4 13. Bxd4 Bc6 14. Bf3 e5 15. Be3 Rfd8 16. Qf2 Nd7 17. f5 Rf8 18. Nd5 Bxd5 19. Rxd5 Nf6 20. Rd2 gxf5 21. exf5 e4 22. Be2 d5 23. Rfd1 Rfe8 24. c3 Qc6 25. Qg3 Kh8 26. Bd4 Rg8 27. Qe3 Rad8 28. Kh1 Ne8 29. c4 Bxd4 30. Rxd4 Nf6 31. cxd5 Qd6 32. Rc1 Qe5 33. d6 Rg3 34. Qf2 e3 35. Qf4 Qxf4 36. Rxf4 Rxd6 37. Bf3 b5 38. a4 Rg8 39. axb5 axb5 40. Rb4 Re8 41. Rxb5 e2 42. Re1 Rd1 43. Rxd1 exd1=Q+ 44. Bxd1 Re1+ 45. Kh2 Rxd1 46. g4 h6 47. Kg3 Rd3+ 48. Kg2 Kg7 49. b4 Rb3 50. Rb8 Nd5 51. b5 Nf4+ 52. Kf2 Nxh3+ 53. Ke2 Nf4+ 54. Kd2 Nd5 55. Kc2 Rb4 56. Kd3 Kf6 57. Rh8 Kg5 58. Rg8+ Kf4 59. Rh8 Rxb5 60. Rxh6 Kxg4 61. Rh7 Rb7 62. Kd4 Nf6 63. Rh1 Kxf5 64. Rf1+ Ke6 65. Re1+ Kd6 66. Rf1 Rb4+ 67. Kc3 Nd5+ 68. Kd3 f6 69. Rh1 Ra4 70. Rh8 Ke5 71. Rh5+ Ke6 72. Rh8 Nf4+ 73. Ke3 Ke5 74. Kf3 Kf5 75. Rh4 Ra3+ 76. Kf2 Ke4 77. Rh8 Ra2+ 78. Kg3 Rg2+ 79. Kh4 Rh2+ 80. Kg4 Rxh8 0-1


[Site "https://www.chess.com"]

[Event "Titled Tuesday Blitz August 15 Late 2023"]
[White "Vasques, Antonio Pedro Freixial"]
[Black "Khater, Sherif"]
[WhiteFideId "1908332"]
[BlackFideId "2034280"]
[WhiteElo "2394"]
[BlackElo "2566"]
[Result "0-1"]
[Round "5"]
[TimeControl "180+1"]
[Date "2023.08.15"]
[WhiteClock "0:00:15"]
[BlackClock "0:00:23"]
[Board "62"]

1. e4 a6 2. d4 c6 3. f4 d5 4. e5 h5 5. Bd3 e6 6. Nf3 c5 7. c3 Ne7 8. Be3 Nf5 9. Bxf5 exf5 10. dxc5 Nd7 11. b3 Nxc5 12. Nbd2 Ne4 13. Nxe4 fxe4 14. Nd4 Bg4 15. Qd2 Rc8 16. Rc1 Ba3 17. Rc2 h4 18. h3 Bd7 19. O-O Bc5 20. f5 Ba7 21. e6 fxe6 22. fxe6 Bc6 23. Nxc6 Bxe3+ 24. Qxe3 Rxc6 25. c4 dxc4 26. Qxe4 Qb6+ 27. Kh1 Rxe6 28. Qxc4 Qc6 29. Qd3 Qd7 30. Qxd7+ Kxd7 31. Rf7+ Re7 32. Rxe7+ Kxe7 33. Rc7+ Kf6 34. Rxb7 Ra8 35. a4 a5 36. Kg1 g5 37. Kf2 Kf5 38. Rb5+ Kf4 39. b4 axb4 40. Rxb4+ Kf5 41. Kf3 Ra7 42. Rb5+ Kf6 43. a5 Kg6 44. Kg4 Kf6 45. Rb6+ Ke5 46. a6 Ra8 47. Rg6 Ke4 48. Kxg5 Rb8 49. Kxh4 Kf4 50. Rf6+ Ke5 51. Rh6 Kf4 52. a7 Ra8 53. g3+ Kf5 54. g4+ Kf4 55. Rh7 Rf8 56. Rb7 Rh8+ 0-1


[Site "https://www.chess.com"]

[Event "Titled Tuesday Blitz August 15 Late 2023"]
[White "Phillips, Rene"]
[Black "Budrewicz, Krzysztof"]
[WhiteFideId "2056275"]
[BlackFideId "1127950"]
[WhiteElo "2114"]
[BlackElo "2566"]
[Result "0-1"]
[Round "5"]
[TimeControl "180+1"]
[Date "2023.08.15"]
[WhiteClock "0:00:31"]
[BlackClock "0:02:18"]
[Board "63"]

1. d4 g6 2. Bf4 Bg7 3. e3 c5 4. c3 Nc6 5. Nd2 cxd4 6. exd4 Nf6 7. Ngf3 O-O 8. h3 d6 9. Be2 e5 10. Be3 Nd5 11. O-O Nxe3 12. fxe3 Bh6 13. Kf2 Re8 14. d5 e4 15. Nd4 Nxd4 16. cxd4 Qh4+ 17. g3 Qxh3 18. Rh1 Bxe3+ 19. Kxe3 Qxg3+ 20. Bf3 exf3+ 21. Kd3 Bf5+ 22. Kc3 Rac8+ 23. Nc4 f2+ 0-1


[Site "https://www.chess.com"]

[Event "Titled Tuesday Blitz August 15 Late 2023"]
[White "Barwinska, Ewa"]
[Black "Zierk, Steven"]
[WhiteFideId "21833761"]
[BlackFideId "2034255"]
[WhiteElo "2299"]
[BlackElo "2852"]
[Result "0-1"]
[Round "5"]
[TimeControl "180+1"]
[Date "2023.08.15"]
[WhiteClock "0:00:40"]
[BlackClock "0:01:40"]
[Board "64"]

1. e4 e6 2. d4 d5 3. exd5 exd5 4. Bd3 Nc6 5. Ne2 Bd6 6. O-O Nge7 7. c3 Bg4 8. f3 Bh5 9. Nf4 Bg6 10. Re1 Bxf4 11. Bxf4 Qd7 12. Nd2 Bxd3 13. Nb3 Bg6 14. Nc5 Qc8 15. Bg5 f6 16. Bf4 Bf7 17. b4 b6 18. Nd3 Nd8 19. Bg3 Ne6 20. f4 O-O 21. Qf3 Nf5 22. Bf2 Nd6 23. f5 Ng5 24. Qf4 Qxf5 25. Qxf5 Nxf5 26. Nf4 Ne4 27. c4 Nxf2 28. Kxf2 dxc4 29. d5 Rfe8 30. Rec1 Re4 31. Kf3 Rae8 32. Rc3 Nd4+ 33. Kf2 Rxf4+ 0-1


[Site "https://www.chess.com"]

[Event "Titled Tuesday Blitz August 15 Late 2023"]
[White "Jovic, Stanoje"]
[Black "Kuzmicz, Krystian"]
[WhiteFideId "905020"]
[BlackFideId "1119125"]
[WhiteElo "2486"]
[BlackElo "2794"]
[Result "0-1"]
[Round "5"]
[TimeControl "180+1"]
[Date "2023.08.15"]
[WhiteClock "0:00:00"]
[BlackClock "0:01:31"]
[Board "65"]

1. c4 g6 2. g3 Bg7 3. Bg2 e5 4. Nc3 d6 5. Nf3 f5 6. d3 Nf6 7. O-O O-O 8. Rb1 Nc6 9. b4 h6 10. b5 Ne7 11. a4 Be6 12. Ne1 Rb8 13. Be3 b6 14. Nc2 g5 15. Nb4 f4 16. Bd2 Qc8 17. Ncd5 Nexd5 18. cxd5 Bh3 19. Qc2 Qg4 20. f3 Qh5 21. Qxc7 g4 22. Qxd6 Bxg2 23. Kxg2 Qh3+ 24. Kf2 Qxh2+ 25. Ke1 fxg3 26. Qe6+ Kh8 27. Be3 gxf3 28. Rxf3 Qh1+ 29. Rf1 g2 30. Rg1 Rbe8 31. Qf5 Nxd5 32. Qxf8+ Rxf8 33. Nxd5 Rf1+ 0-1


[Site "https://www.chess.com"]

[Event "Titled Tuesday Blitz August 15 Late 2023"]
[White "Merino Garcia, Rafael II"]
[Black "Rustemov, Alexander"]
[WhiteFideId "2209128"]
[BlackFideId "4119002"]
[WhiteElo "2484"]
[BlackElo "2765"]
[Result "0-1"]
[Round "5"]
[TimeControl "180+1"]
[Date "2023.08.15"]
[WhiteClock "0:00:24"]
[BlackClock "0:02:09"]
[Board "66"]

1. d4 g6 2. Nf3 Bg7 3. g3 c5 4. d5 b5 5. Bg2 d6 6. O-O Nd7 7. c4 bxc4 8. Qa4 Nf6 9. Na3 Nxd5 10. Nxc4 O-O 11. Bg5 N5b6 12. Qc6 h6 13. Be3 Rb8 14. Na5 Ba6 15. Rfe1 f5 16. Nh4 Ne5 0-1


[Site "https://www.chess.com"]

[Event "Titled Tuesday Blitz August 15 Late 2023"]
[White "Michalczak, Thomas"]
[Black "Parligras, Mircea-Emilian"]
[WhiteFideId "4622634"]
[BlackFideId "1204297"]
[WhiteElo "2481"]
[BlackElo "2764"]
[Result "0-1"]
[Round "5"]
[TimeControl "180+1"]
[Date "2023.08.15"]
[WhiteClock "0:00:07"]
[BlackClock "0:00:05"]
[Board "67"]

1. e4 c5 2. c3 d5 3. exd5 Qxd5 4. Nf3 Nf6 5. Na3 Qd8 6. Bc4 e6 7. O-O Nc6 8. Qe2 Be7 9. Rd1 a6 10. d4 cxd4 11. Nc2 b5 12. Bb3 Bb7 13. Ncxd4 Nxd4 14. Rxd4 Qb6 15. Ne5 O-O 16. Bg5 Rad8 17. Rad1 Rxd4 18. Rxd4 h6 19. Bxf6 Bxf6 20. Nd7 Qc6 21. Nxf6+ gxf6 22. Qg4+ Kh7 23. Bc2+ f5 24. Qh3 Rg8 25. Rg4 Rxg4 26. Qxg4 b4 27. c4 a5 28. b3 Qd6 29. h4 Qe5 30. Qd1 Kg7 31. Bd3 Bc6 32. Be2 Qf4 33. h5 e5 34. Bf3 e4 35. Qd4+ Kh7 36. Qf6 Be8 37. Be2 Qd2 38. Bf1 Qd7 39. g3 Qe6 40. Qd4 f4 41. gxf4 Bc6 42. Bg2 Qg4 43. Kf1 e3 44. Be4+ Bxe4 45. Qxe4+ Kg7 46. fxe3 Qh3+ 47. Ke2 Qxh5+ 48. Kd3 Qd1# 0-1


[Site "https://www.chess.com"]

[Event "Titled Tuesday Blitz August 15 Late 2023"]
[White "Yeritsyan, Hayk"]
[Black "Troff, Kayden"]
[WhiteFideId "13307320"]
[BlackFideId "2047896"]
[WhiteElo "2474"]
[BlackElo "2763"]
[Result "1/2-1/2"]
[Round "5"]
[TimeControl "180+1"]
[Date "2023.08.15"]
[WhiteClock "0:00:13"]
[BlackClock "0:00:05"]
[Board "68"]

1. d4 Nf6 2. Nf3 g6 3. Bf4 Bg7 4. h3 d6 5. e3 O-O 6. c3 Nc6 7. Be2 Nd7 8. O-O e5 9. Bh2 b6 10. Nbd2 Bb7 11. Rc1 Qe7 12. b4 e4 13. Ne1 f5 14. a3 Kh8 15. c4 g5 16. Nc2 f4 17. Re1 fxe3 18. fxe3 Nf6 19. Rf1 Bc8 20. Nb3 a6 21. c5 Bd7 22. cxd6 cxd6 23. Qd2 Nd5 24. Rxf8+ Rxf8 25. Rf1 Rxf1+ 26. Bxf1 b5 27. Nc1 g4 28. hxg4 Bxg4 29. Ne2 Bxe2 30. Qxe2 Qg5 31. Bxd6 Bh6 32. Kf2 Qf6+ 33. Bf4 Bxf4 34. exf4 Qxf4+ 35. Kg1 e3 36. Qf3 Qxf3 37. gxf3 Nce7 38. Bd3 Nf4 39. Be4 Ned5 40. Bxd5 Nxd5 41. Kf1 h5 42. Ke2 h4 43. Nxe3 Nf4+ 44. Kf2 Kh7 45. Ng4 Kg6 46. Ke3 Kf5 47. Nh6+ Kg5 48. Ng4 Kf5 49. Nh6+ Kg5 50. Ng4 h3 51. Ke4 Nh5 52. Ke5 Kh4 53. d5 Kg3 54. d6 Kxf3 55. Nh2+ Kg2 56. d7 Kxh2 57. d8=Q Ng3 58. Qd2+ Kg1 59. Kf4 Nf1 60. Qd3 h2 61. Qd4+ Kg2 62. Qe4+ Kf2 63. Qf3+ Kg1 64. Qg4+ Kf2 65. Qh4+ Kg1 66. Qg4+ Kf2 67. Qf3+ Kg1 68. Qg4+ 1/2-1/2


[Site "https://www.chess.com"]

[Event "Titled Tuesday Blitz August 15 Late 2023"]
[White "Morefield, Jason"]
[Black "Yang, Kevin"]
[WhiteFideId "30920825"]
[BlackFideId "30908485"]
[WhiteElo "2740"]
[BlackElo "2468"]
[Result "1-0"]
[Round "5"]
[TimeControl "180+1"]
[Date "2023.08.15"]
[WhiteClock "0:00:27"]
[BlackClock "0:00:05"]
[Board "69"]

1. e4 c6 2. Nf3 d5 3. Nc3 Bg4 4. h3 Bxf3 5. Qxf3 e6 6. Be2 Nd7 7. O-O Ngf6 8. d4 dxe4 9. Nxe4 Nxe4 10. Qxe4 Nf6 11. Qd3 Bd6 12. a4 a5 13. Rd1 O-O 14. Qf3 Qc7 15. g3 Nd7 16. Kg2 Rfe8 17. Bc4 Nb6 18. Bd3 e5 19. dxe5 Bxe5 20. h4 Rad8 21. Bg5 f6 22. Be3 Nd5 23. Bc4 Kh8 24. Bxd5 cxd5 25. c3 Qc4 26. Bb6 Rd6 27. Bxa5 Ra6 28. Qxd5 Qe2 29. Qb5 Bd6 30. Qxe2 Rxe2 31. Bb4 Re6 32. Rd5 h6 33. Bxd6 Rexd6 34. Rxd6 Rxd6 35. Ra3 Rd2 36. Rb3 1-0


[Site "https://www.chess.com"]

[Event "Titled Tuesday Blitz August 15 Late 2023"]
[White "GaiozNigalidze"]
[Black "brm72"]
[WhiteElo "2718"]
[BlackElo "2465"]
[Result "1/2-1/2"]
[Round "5"]
[TimeControl "180+1"]
[Date "2023.08.15"]
[WhiteClock "0:00:18"]
[BlackClock "0:00:12"]
[Board "70"]

1. c4 c5 2. Nf3 Nc6 3. g3 g6 4. Bg2 Bg7 5. O-O e5 6. Nc3 d6 7. Ne1 Be6 8. d3 Nge7 9. Nc2 d5 10. cxd5 Nxd5 11. Nxd5 Bxd5 12. Bxd5 Qxd5 13. Ne3 Qe6 14. Qa4 O-O 15. Bd2 Nd4 16. Rfe1 h6 17. Bc3 b6 18. Qc4 Qd7 19. a4 Kh7 20. b4 cxb4 21. Qxb4 f5 22. Bxd4 exd4 23. Ng2 g5 24. Qb5 Rfd8 25. Rec1 Qxb5 26. axb5 Rd5 27. Rab1 Re8 28. Rc2 Ree5 29. Rcb2 Bf8 30. f4 Re6 31. fxg5 hxg5 32. h4 Bd6 33. Kf2 gxh4 34. Nxh4 f4 35. gxf4 Bxf4 36. Ng2 Bg5 37. Rh1+ Kg6 38. Ne1 Ree5 39. Nf3 Rf5 40. Rc2 Be3+ 41. Kg2 Rf6 42. Nh4+ Kf7 43. Rc7+ Ke6 44. Nf3 Rxb5 45. Rc6+ Kf7 46. Rh7+ Kg8 47. Rxf6 Kxh7 48. Rf7+ Kg6 49. Rxa7 Rb2 50. Kf1 Rb1+ 51. Kg2 Rb2 52. Kf1 Rb1+ 53. Kg2 Rb2 1/2-1/2


[Site "https://www.chess.com"]

[Event "Titled Tuesday Blitz August 15 Late 2023"]
[White "Korchmar, Vasiliy"]
[Black "Tsyhanchuk, Stanislav"]
[WhiteFideId "24131750"]
[BlackFideId "13505130"]
[WhiteElo "2685"]
[BlackElo "2456"]
[Result "1-0"]
[Round "5"]
[TimeControl "180+1"]
[Date "2023.08.15"]
[WhiteClock "0:01:51"]
[BlackClock "0:01:44"]
[Board "71"]

1. e4 c5 2. d4 cxd4 3. Qxd4 Nc6 4. Qd3 Nf6 5. Nc3 d6 6. Nf3 e6 7. Bf4 Be7 8. O-O-O e5 9. Bg5 Be6 10. Bxf6 gxf6 11. Nd5 Bxd5 12. Qxd5 Qa5 13. Bb5 Qb6 14. Nh4 a6 15. Bc4 O-O 16. Nf5 Rad8 17. Qd2 Nd4 18. Nxe7+ 1-0


[Site "https://www.chess.com"]

[Event "Titled Tuesday Blitz August 15 Late 2023"]
[White "Farmani Anosheh, Armin"]
[Black "Dourerassou, Jonathan"]
[WhiteFideId "24613240"]
[BlackFideId "628050"]
[WhiteElo "2455"]
[BlackElo "2667"]
[Result "0-1"]
[Round "5"]
[TimeControl "180+1"]
[Date "2023.08.15"]
[WhiteClock "0:00:00"]
[BlackClock "0:00:32"]
[Board "72"]

1. e4 e6 2. d4 b6 3. Nf3 Bb7 4. Bd3 d5 5. e5 c5 6. c3 Nc6 7. O-O Nge7 8. Re1 Qd7 9. a3 c4 10. Bc2 O-O-O 11. Nbd2 Nf5 12. b3 Na5 13. bxc4 Nxc4 14. Nxc4 dxc4 15. a4 Be7 16. a5 b5 17. a6 Bd5 18. Ba3 Bxa3 19. Rxa3 Qc6 20. Ra5 Kc7 21. Qb1 Bxf3 22. gxf3 Nh4 23. Be4 Nxf3+ 24. Kh1 Nd2 25. Bxc6 Nxb1 26. Rxb1 Kxc6 27. Raxb5 Rd5 28. Rb7 f6 29. exf6 gxf6 30. Rxa7 Ra5 31. Re7 Kd6 32. Ra7 Ra3 33. f3 Kc6 34. Re7 Kd6 35. Rf7 Rxa6 36. Rxf6 Ke7 37. Rh6 Ra3 38. Re1 Rxc3 39. Rexe6+ Kf7 40. Ra6 Rc1+ 41. Kg2 Rg8+ 42. Kf2 Rc2+ 43. Ke3 Re8+ 44. Kf4 Kg7 45. Rhc6 Rf8+ 46. Kg4 Rg2+ 47. Kh3 Rg6 48. Rxg6+ hxg6 49. Kg4 Rd8 50. Ra7+ Kh6 51. f4 Rxd4 52. Rc7 Re4 53. h4 Rd4 54. Kf3 Rd3+ 55. Ke4 Rc3 56. Kd4 Rf3 57. Ke4 Rc3 58. Rc8 Kg7 59. Kd4 Rf3 60. Ke5 c3 61. Ke4 Rh3 62. Rc6 Kf7 63. Rc5 Kf6 64. Rc6+ Kf7 0-1


[Site "https://www.chess.com"]

[Event "Titled Tuesday Blitz August 15 Late 2023"]
[White "Papayan, Oleg"]
[Black "dr_tatiana"]
[WhiteFideId "4193911"]
[WhiteElo "2623"]
[BlackElo "2454"]
[Result "1-0"]
[Round "5"]
[TimeControl "180+1"]
[Date "2023.08.15"]
[WhiteClock "0:00:04"]
[BlackClock "0:00:00"]
[Board "73"]

1. e4 e5 2. Nf3 Nc6 3. Bb5 a6 4. Bxc6 dxc6 5. O-O Bd6 6. d4 Qe7 7. dxe5 Bxe5 8. Nxe5 Qxe5 9. Nc3 Ne7 10. f4 Qc5+ 11. Kh1 Bd7 12. Qf3 O-O-O 13. Be3 Qa5 14. a3 c5 15. Qf2 c4 16. Rfc1 Bc6 17. b4 cxb3 18. cxb3 Qh5 19. b4 f5 20. a4 Bxe4 21. b5 a5 22. Nxe4 fxe4 23. Bb6 Nd5 24. Bxc7 Nxc7 25. b6 Rd7 26. bxc7 e3 27. Qxe3 Re8 28. Qa7 Rxc7 29. Rxc7+ Kxc7 30. Rc1+ Kd6 31. Qb6+ Ke7 32. Qxb7+ Kf8 33. Qb5 Qf7 34. Qc5+ Kg8 35. Qxa5 Qxf4 36. Rd1 Qg4 37. Qd5+ Kh8 38. a5 h6 39. h3 Qa4 40. Rd2 Rb8 41. Kh2 Rb5 42. Qd8+ Kh7 43. Qd3+ Kh8 44. Qg6 1-0


[Site "https://www.chess.com"]

[Event "Titled Tuesday Blitz August 15 Late 2023"]
[White "Jakic, Ivan"]
[Black "Nasir, Zehn"]
[WhiteFideId "14504901"]
[BlackFideId "2613239"]
[WhiteElo "2453"]
[BlackElo "2613"]
[Result "1/2-1/2"]
[Round "5"]
[TimeControl "180+1"]
[Date "2023.08.15"]
[WhiteClock "0:00:47"]
[BlackClock "0:00:09"]
[Board "74"]

1. e4 c6 2. d4 d5 3. f3 Qa5+ 4. Nc3 Nf6 5. e5 Ng8 6. f4 Bf5 7. Nf3 e6 8. Bd3 Nh6 9. O-O c5 10. dxc5 Bxc5+ 11. Kh1 Nc6 12. a3 Qd8 13. h3 Bxd3 14. cxd3 Nf5 15. Kh2 Ne3 16. Bxe3 Bxe3 17. g3 h5 18. h4 Qb6 19. Na4 Qb5 20. d4 Rc8 21. Re1 Bf2 22. Re2 Bxd4 23. Rc1 Bb6 24. Nxb6 Qxb6 25. Rec2 g6 26. Ng5 O-O 27. g4 Qe3 28. Nh3 hxg4 29. Qxg4 Ne7 30. Rxc8 Rxc8 31. Rxc8+ Nxc8 32. h5 Ne7 33. hxg6 Nxg6 34. Qg5 Qd2+ 35. Kg3 Qxb2 36. Qd8+ Kg7 37. Qf6+ Kg8 38. Ng5 Qc3+ 39. Kg4 Qc7 40. Kh5 Qe7 41. Nf3 Qxf6 42. exf6 Nxf4+ 43. Kg4 Nd3 44. Kg5 Kf8 45. Nd2 e5 46. Kf5 e4 47. Nf1 Ke8 48. Ne3 d4 49. Nc4 e3 50. Ke4 e2 51. Kxd3 e1=Q 52. Kxd4 Qf2+ 53. Ke5 Qxf6+ 54. Kxf6 Kd7 55. Ne5+ Kd6 56. Nxf7+ Kc5 57. Ke5 Kc4 58. Nd6+ Kb3 59. Nxb7 Kxa3 60. Kd5 Kb4 61. Kc6 a6 62. Kb6 a5 63. Nxa5 1/2-1/2


[Site "https://www.chess.com"]

[Event "Titled Tuesday Blitz August 15 Late 2023"]
[White "Mendez Fortes, Eduardo Jesus"]
[Black "ExchangeAB"]
[WhiteFideId "3502376"]
[WhiteElo "2610"]
[BlackElo "2444"]
[Result "1-0"]
[Round "5"]
[TimeControl "180+1"]
[Date "2023.08.15"]
[WhiteClock "0:00:09"]
[BlackClock "0:00:04"]
[Board "75"]

1. e4 c6 2. d4 d5 3. e5 Bf5 4. Nf3 e6 5. Be2 Ne7 6. Nbd2 h6 7. O-O Nd7 8. Nb3 g5 9. a4 Bg7 10. Bd2 O-O 11. a5 b6 12. Bb4 c5 13. dxc5 bxc5 14. Nxc5 Nxe5 15. Nd4 Re8 16. c3 Rb8 17. a6 N5c6 18. Nb7 Qd7 19. Bb5 Bxd4 20. cxd4 Rxb7 21. axb7 Qxb7 22. Qa4 Rb8 23. Bxc6 Nxc6 24. Bc5 Bd3 25. Rfc1 a6 26. Bd6 Bb5 27. Qa3 Re8 28. Qe3 f6 29. h4 Kg7 30. f4 g4 31. Re1 Qd7 32. Bc5 f5 33. Rac1 Kf7 34. Ba3 h5 35. Rc5 Rb8 36. Rec1 Bc4 37. Rc3 Rb5 38. b3 Rxc5 39. Bxc5 Bb5 40. Qc1 Qd8 41. g3 Qa5 42. Qc2 Qa1+ 43. Kh2 Qf1 44. Bd6 Qe1 45. Rxc6 Bxc6 46. Bb4 Qxb4 47. Qxc6 Qxb3 48. Qd7+ Kf6 49. Qd8+ Kf7 50. Qd7+ Kf8 51. Qxe6 Qc2+ 52. Kg1 Qd1+ 53. Kf2 Qd2+ 54. Kf1 Qd3+ 55. Kf2 Qxd4+ 56. Kf1 Qd3+ 57. Kf2 Qc2+ 58. Kf1 Qb1+ 59. Kf2 Qe4 60. Qf6+ Ke8 61. Qxa6 Kd7 62. Qa7+ Kd6 63. Qb6+ Kd7 64. Qb7+ Ke8 65. Qc8+ Kf7 66. Qd7+ Kf6 67. Qd8+ Ke6 68. Qb6+ Kd7 69. Qb7+ Ke8 70. Qc8+ Kf7 71. Qd7+ Kf6 72. Qd8+ Qe7 73. Qxd5 Qa7+ 74. Kg2 Qe7 75. Qc6+ Qe6 76. Qc3+ Kf7 77. Kf2 Qe4 78. Qc7+ Qe7 79. Qc4+ Qe6 80. Qd4 Qa2+ 81. Ke3 Qb3+ 82. Qd3 Qb6+ 83. Kd2 Qf2+ 84. Kc3 Kf6 85. Qd4+ Qxd4+ 86. Kxd4 Ke6 87. Kc5 Ke7 88. Kd5 Kf6 89. Kd6 Kf7 90. Ke5 Kg6 91. Ke6 1-0


[Site "https://www.chess.com"]

[Event "Titled Tuesday Blitz August 15 Late 2023"]
[White "Sivakumar, Shaaketh"]
[Black "Kubatko, Ivan"]
[WhiteFideId "30940176"]
[BlackFideId "24111473"]
[WhiteElo "2602"]
[BlackElo "2443"]
[Result "0-1"]
[Round "5"]
[TimeControl "180+1"]
[Date "2023.08.15"]
[WhiteClock "0:00:12"]
[BlackClock "0:00:43"]
[Board "76"]

1. e4 d5 2. exd5 Qxd5 3. Nc3 Qa5 4. d4 Nf6 5. Nf3 Bg4 6. Be2 Nc6 7. Be3 O-O-O 8. Qd2 e5 9. d5 Bb4 10. dxc6 Rxd2 11. cxb7+ Kxb7 12. Bxd2 e4 13. Nd4 Qe5 14. Bxg4 Nxg4 15. Nde2 e3 16. fxe3 Nxe3 17. Bxe3 Qxe3 18. Rf1 Re8 19. Rf2 Bc5 20. Rf3 Qg1+ 21. Rf1 Qxg2 22. Rxf7 Bb4 23. Rf2 Qg1+ 24. Rf1 Qxh2 25. Rf2 Qh1+ 26. Rf1 Qh4+ 27. Rf2 Bc5 28. Nd1 Rd8 29. Nf4 Rxd1+ 30. Kxd1 Qxf2 31. Nd3 Qf1+ 32. Ne1 Bf2 33. c3 Qxe1+ 34. Kc2 Qxa1 35. Kb3 Kb6 0-1


[Site "https://www.chess.com"]

[Event "Titled Tuesday Blitz August 15 Late 2023"]
[White "Manukian, Artak"]
[Black "Caspi, Israel"]
[WhiteFideId "13301373"]
[BlackFideId "2807394"]
[WhiteElo "2439"]
[BlackElo "2585"]
[Result "0-1"]
[Round "5"]
[TimeControl "180+1"]
[Date "2023.08.15"]
[WhiteClock "0:00:00"]
[BlackClock "0:01:10"]
[Board "77"]

1. e4 d5 2. exd5 Qxd5 3. Nc3 Qd6 4. d4 Nf6 5. g3 Bg4 6. f3 Bf5 7. Bc4 Nc6 8. Nge2 e5 9. d5 Nb4 10. Bb3 O-O-O 11. Bg5 Be7 12. Bxf6 Bxf6 13. a3 Na6 14. Ne4 Qb6 15. N2c3 Nc5 16. Nxc5 Qxc5 17. Qe2 Bg5 18. Ne4 Bxe4 19. fxe4 Kb8 20. h4 Be3 21. Rf1 f6 22. Rf3 Bh6 23. Rc3 Qg1+ 24. Qf1 Qb6 25. a4 a5 26. Qb5 Qg1+ 27. Qf1 Qd4 28. Qd3 Rhe8 29. Ke2 f5 30. Rc4 Qb6 31. Rf1 f4 32. g4 g5 33. h5 Bf8 34. Qf3 Bc5 35. c3 Be3 36. Bc2 Rd6 37. Kd3 Rc8 38. b4 c6 0-1


[Site "https://www.chess.com"]

[Event "Titled Tuesday Blitz August 15 Late 2023"]
[White "Cooklev, Steven"]
[Black "Schekachikhin, Maksim"]
[WhiteFideId "2050552"]
[BlackFideId "24177830"]
[WhiteElo "2437"]
[BlackElo "2566"]
[Result "0-1"]
[Round "5"]
[TimeControl "180+1"]
[Date "2023.08.15"]
[WhiteClock "0:00:00"]
[BlackClock "0:00:55"]
[Board "78"]

1. e4 c5 2. Nf3 a6 3. c3 d5 4. exd5 Qxd5 5. d4 Bg4 6. Be2 e6 7. h3 Bh5 8. O-O Nc6 9. Be3 cxd4 10. cxd4 Nf6 11. Nc3 Qd6 12. Qb3 Qb4 13. Qc2 Be7 14. a3 Qd6 15. Rad1 O-O 16. Ne4 Nxe4 17. Qxe4 Bf6 18. Bc4 Bg6 19. Qg4 Rfd8 20. d5 exd5 21. Bxd5 Qe7 22. Qa4 Ne5 23. Nxe5 Bxe5 24. Qb3 Rd7 25. Bb6 Qf6 26. f4 Bd6 27. f5 Bh5 28. g4 Qe5 0-1


[Site "https://www.chess.com"]

[Event "Titled Tuesday Blitz August 15 Late 2023"]
[White "Golubev, Mikhail"]
[Black "KrokerGuy"]
[WhiteFideId "14100983"]
[WhiteElo "2564"]
[BlackElo "2437"]
[Result "0-1"]
[Round "5"]
[TimeControl "180+1"]
[Date "2023.08.15"]
[WhiteClock "0:00:03"]
[BlackClock "0:00:08"]
[Board "79"]

1. e4 e5 2. Nf3 Nc6 3. Bc4 Bc5 4. c3 Nf6 5. d4 exd4 6. cxd4 Bb4+ 7. Nbd2 Nxe4 8. d5 Ne7 9. O-O Nxd2 10. Nxd2 O-O 11. a3 Ba5 12. b4 Bb6 13. Bb2 d6 14. Bd3 Bf5 15. Bxf5 Nxf5 16. Qg4 g6 17. Ne4 Bd4 18. Bxd4 Nxd4 19. Qd1 Nf5 20. g4 Ng7 21. Qd4 f5 22. gxf5 Nxf5 23. Qc3 Nh4 24. f4 Qd7 25. Kh1 Qg4 26. Rf2 Qf5 27. Qd4 Rae8 28. Ng3 Qh3 29. Rg1 Nf5 30. Nxf5 Rxf5 31. Qc4 Re7 32. Rgf1 Qe3 33. Rf3 Qe4 34. Qb5 Rxf4 35. Kg2 Rxf3 36. Rxf3 Rf7 37. Qf1 Qxd5 0-1


[Site "https://www.chess.com"]

[Event "Titled Tuesday Blitz August 15 Late 2023"]
[White "Paszewski, Mateusz"]
[Black "WindWhistler11"]
[WhiteFideId "1141058"]
[WhiteElo "2564"]
[BlackElo "2436"]
[Result "1-0"]
[Round "5"]
[TimeControl "180+1"]
[Date "2023.08.15"]
[WhiteClock "0:00:31"]
[BlackClock "0:00:00"]
[Board "80"]

1. c4 Nf6 2. Nc3 e6 3. e4 g6 4. e5 d6 5. exf6 Qxf6 6. d4 Qe7 7. Nf3 Bg7 8. Bg5 Qf8 9. Qd2 h6 10. Be3 Qe7 11. O-O-O a6 12. Kb1 Bd7 13. h4 b5 14. cxb5 axb5 15. Bxb5 c6 16. Bd3 Na6 17. a3 Nc7 18. Bf4 Rb8 19. Ne4 e5 20. dxe5 dxe5 21. Be3 Ne6 22. Bc4 O-O 23. Qd6 Qxd6 24. Rxd6 Bc8 25. Rhd1 Nf4 26. g3 Bf5 27. Nd2 Nd5 28. Ka2 Rb7 29. Rxc6 Nxe3 30. fxe3 Rfb8 31. b4 Kh8 32. Nd6 Bg4 33. Rf1 Rd7 34. Nxf7+ Kh7 35. Ne4 Rbd8 36. Nxd8 Rxd8 37. Rc7 Bf5 38. Nc5 Rd2+ 39. Kb3 1-0


[Site "https://www.chess.com"]

[Event "Titled Tuesday Blitz August 15 Late 2023"]
[White "Loay, Sameer"]
[Black "Buchenau, Frank"]
[WhiteFideId "8104239"]
[BlackFideId "4604350"]
[WhiteElo "2563"]
[BlackElo "2434"]
[Result "1/2-1/2"]
[Round "5"]
[TimeControl "180+1"]
[Date "2023.08.15"]
[WhiteClock "0:00:23"]
[BlackClock "0:00:09"]
[Board "81"]

1. Nf3 Nf6 2. g3 b6 3. Bg2 Bb7 4. O-O e6 5. d3 d5 6. Nbd2 Nbd7 7. e4 dxe4 8. Ng5 Nc5 9. Ngxe4 Nfxe4 10. Nxe4 Nxe4 11. dxe4 Qxd1 12. Rxd1 e5 13. b3 Bc5 14. Bb2 f6 15. a3 a5 16. c3 Ke7 17. b4 Bd6 18. f3 Rhd8 19. Kf2 Ba6 20. Bf1 Bxf1 21. Kxf1 c6 22. Ke2 Ke6 23. Ke3 b5 24. f4 g6 25. Rf1 c5 26. f5+ Ke7 27. bxc5 Bxc5+ 28. Ke2 Rd6 29. a4 Rad8 30. Bc1 b4 31. cxb4 Bxb4 32. Rb1 Rd4 33. Kf3 Rd3+ 34. Ke2 Rc3 35. Be3 Rdd3 36. Bb6 Ra3 37. Rb2 Rdc3 38. Rd1 Rxa4 39. Bd8+ Kf7 40. fxg6+ hxg6 41. Rf1 Be7 42. Bxe7 Kxe7 43. Rb7+ Ke6 44. Rb6+ Ke7 45. Kd2 Rc7 46. Rfxf6 Rxe4 47. Rbe6+ Kd7 48. Rd6+ Kc8 49. Rxg6 a4 50. Ra6 Rd7+ 51. Kc3 Red4 52. Rg8+ Kb7 53. Rga8 Rc7+ 54. Kb2 e4 55. R8a7+ Kc8 56. Rxc7+ Kxc7 57. Kc3 Rd3+ 58. Kc4 a3 59. g4 Rh3 60. Kd4 Rxh2 61. Kxe4 a2 62. Kf5 Rf2+ 63. Kg6 Kb7 64. Ra3 Kb6 65. g5 Rg2 66. Kf6 Kb5 67. g6 Kb4 68. Ra8 Kb3 69. g7 Kb2 70. Rb8+ Kc1 71. Ra8 Kb2 72. Kf7 a1=Q 73. Rxa1 Kxa1 74. g8=Q Rxg8 75. Kxg8 1/2-1/2


[Site "https://www.chess.com"]